Map: Abyssal Reef LE

Players

Railgan - Winner!

  • Race: Zerg Zerg
  • League: Master
  • Spawn Location: 5:00

LeFaucheur

  • Race: Zerg Zerg
  • League: Grandmaster
  • Spawn Location: 11:00

VOD

Have the link to the VOD?

Description

Time

  • Played on: March 1, 2017, 4:53 p.m.
  • Length: 12:37
Show
View Real Time Build Order
Export as new Build Order

Railgan Zerg - Winner!

Build Orders: Pool First 

Get SALT Encoding   

  12  0:01  Drone  
  13  0:12  Overlord  
  13  0:17  Drone  
  14  0:31  Drone  
  14  0:32  Drone  
  16  0:37  Drone  
  17  0:47  Spawning Pool  
  17  0:48  Drone  
  17  0:59  Drone  
  18  1:12  Hatchery  
  18  1:13  Extractor  
  18  1:17  Drone  
  17  1:19  Drone  
  18  1:30  Drone  
  19  1:35  Spine Crawler  
  19  1:38  Queen  
  20  1:47  Zergling x2  
  20  1:49  Zergling x2  
  22  2:02  Overlord  
  23  2:20  Queen  
  23  2:21  Drone  
  25  2:24  Zergling x2  
  25  2:29  Spine Crawler  
  25  2:32  Baneling Nest  
  24  2:37  Zergling x2  
  25  2:50  Zergling x4  
  27  2:52  Overlord  
  27  2:54  Zergling x2  
  27  2:56  Queen  
  30  3:00  Metabolic Boost  
  20  3:14  Drone  
  20  3:15  Drone  
  22  3:22  Drone  
  23  3:30  Drone x3  
  26  3:49  Baneling x2  
  26  3:56  Hatchery  
  25  4:08  Drone  
  25  4:09  Drone  
  27  4:10  Drone x2  
  29  4:19  Overlord  
  29  4:22  Drone  
  30  4:25  Drone  
  31  4:33  Drone  
  31  4:51  Drone x2  
  32  4:55  Roach Warren  
  29  5:00  Zergling x4  
  31  5:09  Drone  
  33  5:17  Queen  
  33  5:20  Roach Warren  
  34  5:22  Baneling x2  
  34  5:23  Drone x4  
  38  5:35  Drone  
  39  5:37  Lair  
  39  5:42  Drone  
  40  5:48  Evolution Chamber  
  39  5:50  Drone  
  39  5:51  Drone x2  
  39  5:54  Drone  
  43  5:57  Overlord  
  43  6:10  Drone  
  44  6:11  Overlord  
  44  6:12  Overlord  
  44  6:13  Extractor  
  44  6:15  Extractor  
  42  6:20  Drone x2  
  42  6:23  Drone x2  
  46  6:28  Drone  
  46  6:29  Drone  
  48  6:33  Drone x2  
  48  6:35  Drone x2  
  52  6:42  Drone  
  53  6:48  Drone x2  
  53  6:53  Extractor  
  53  6:56  Spire, Drone x3  
  53  6:58  Drone  
  56  7:01  Drone  
  57  7:13  Hatchery  
  57  7:15  Overlord  
  56  7:20  Overlord  
  56  7:21  Zergling x2  
  57  7:27  Zergling x2  
  58  7:33  Zergling x6  
  58  7:34  Zergling x4  
  62  7:38  Unknown  
  62  7:43  Overlord  
  62  7:44  Zergling x4  
  64  7:55  Zergling x2  
  64  7:56  Zergling x2  
  65  8:11  Zerg Flyer Armor Level 1  
  65  8:12  Spore Crawler  
  64  8:14  Mutalisk  
  64  8:15  Mutalisk x5  
  64  8:19  Mutalisk  
  76  8:20  Mutalisk  
  76  8:21  Spore Crawler x2  
  76  8:23  Spore Crawler  
  77  8:30  Mutalisk  
  77  8:33  Drone  
  77  8:34  Drone x5  
  83  8:41  Extractor  
  83  8:42  Extractor  
  83  8:44  Spore Crawler  
  83  8:48  Overlord  
  80  8:49  Drone x3  
  80  8:53  Overlord  
  83  8:59  Mutalisk x2  
  87  9:07  Mutalisk x2  
  91  9:11  Drone x4  
  95  9:21  Overlord  
  95  9:29  Mutalisk x3  
  101  9:34  Drone x3  
  101  9:35  Drone  
  101  9:38  Overlord  
  104  9:54  Mutalisk  
  104  9:55  Mutalisk x4  
  107  10:02  Mutalisk  
  107  10:08  Mutalisk  
  107  10:11  Zergling x16  
  107  10:12  Zergling x2  
  114  10:18  Zerg Flyer Weapons Level 1  
  114  10:19  Zergling x2  
  114  10:20  Zergling x6  
  118  10:28  Mutalisk  
  116  10:37  Zergling x4  
  116  10:38  Zergling x8  
  120  10:44  Hatchery  
  120  10:45  Overlord  
  118  10:51  Mutalisk x2  
  118  10:54  Zergling x2  
  118  10:55  Zergling x4  
  118  11:01  Mutalisk x3  
  118  11:03  Zergling x4  
  116  11:08  Drone x3  
  115  11:11  Zergling x2  
  115  11:12  Zergling x4  
  115  11:22  Mutalisk x3  
  120  11:29  Mutalisk  
  120  11:30  Mutalisk x2  
  126  11:38  Zergling x8  
  126  11:39  Zergling x6  
  124  11:45  Mutalisk x2  
  127  11:50  Mutalisk  
  127  11:52  Queen  
  127  11:57  Zergling x10  
  127  12:00  Zergling x2  
  131  12:10  Mutalisk x2  
  134  12:17  Extractor  
  134  12:18  Spore Crawler  
  134  12:19  Spore Crawler  
  134  12:20  Extractor  
Show
View Real Time Build Order
Export as new Build Order

LeFaucheur Zerg 

Build Orders: Pool First, Zergling Baneling 

Get SALT Encoding   

  12  0:18  Spawning Pool  
  11  0:21  Drone  
  11  0:28  Drone  
  13  0:31  Drone  
  14  0:36  Extractor  
  13  0:43  Overlord  
  13  1:05  Zergling x6  
  13  1:11  Queen  
  16  1:17  Zergling x2  
  19  1:27  Zergling x2  
  20  1:38  Metabolic Boost  
  20  1:39  Zergling x2  
  21  1:49  Overlord  
  21  1:59  Baneling Nest  
  20  2:03  Zergling x2  
  21  2:10  Zergling x2  
  22  2:19  Zergling x2  
  22  2:20  Zergling x2  
  24  2:27  Zergling x2  
  26  2:30  Zergling x2  
  26  2:42  Baneling x3  
  26  2:46  Baneling  
  26  2:51  Zergling x4  
  28  2:55  Zergling x2  
  29  2:59  Baneling  
  20  3:18  Drone x3  
  21  3:23  Drone  
  21  3:24  Drone  
  19  4:03  Drone x3  
  19  4:04  Drone  
  23  4:11  Hatchery  
  23  4:12  Zergling x4  
  24  4:17  Zergling x2  
  25  4:26  Overlord  
  25  4:30  Zergling x4  
  27  4:33  Baneling x3  
  27  4:41  Zergling x4  
  29  4:50  Queen  
  29  5:05  Drone  
  29  5:06  Drone x3  
  33  5:17  Overlord  
  32  5:23  Drone  
  33  5:37  Lair, Drone x4  
  33  5:41  Drone x2  
  39  5:44  Extractor  
  39  5:47  Extractor  
  39  5:48  Drone  
  38  5:52  Drone  
  39  6:00  Overlord  
  39  6:01  Drone  
  40  6:07  Drone  
  40  6:10  Drone x3  
  44  6:18  Drone x2  
  46  6:23  Spine Crawler  
  46  6:25  Extractor, Spine Crawler  
  44  6:26  Drone x3  
  44  6:27  Spine Crawler  
  45  6:39  Spire  
  44  6:42  Drone x2  
  44  6:43  Drone  
  47  6:49  Spine Crawler  
  46  6:58  Drone  
  46  6:59  Drone x2  
  46  7:00  Overlord x2  
  49  7:03  Drone  
  49  7:08  Overlord  
  50  7:12  Overseer  
  50  7:15  Drone x3  
  53  7:29  Spine Crawler  
  49  7:46  Drone x3  
  52  7:56  Hatchery  
  52  7:59  Zerg Flyer Armor Level 1, Mutalisk x5  
  52  8:00  Mutalisk  
  63  8:08  Mutalisk  
  63  8:09  Mutalisk x2  
  69  8:13  Zergling x6  
  69  8:19  Mutalisk  
  74  8:31  Mutalisk  
  76  8:35  Zergling x6  
  76  8:36  Zergling x2  
  80  8:44  Mutalisk  
  80  8:46  Mutalisk  
  84  8:51  Hatchery  
  83  8:59  Overlord x2  
  83  9:00  Overlord  
  83  9:11  Drone  
  84  9:17  Mutalisk x3  
  84  9:20  Extractor  
  84  9:22  Extractor  
  84  9:23  Drone x4  
  84  9:24  Drone x2  
  94  9:30  Mutalisk  
  96  9:32  Mutalisk  
  96  9:37  Overlord x2  
  98  9:39  Zergling x2  
  98  9:40  Zergling x2  
  94  9:58  Zergling x12  
  93  10:00  Mutalisk  
  93  10:05  Mutalisk  
  97  10:13  Mutalisk x2  
  97  10:14  Mutalisk  
  98  10:20  Zergling x6  
  98  10:21  Queen  
  107  10:22  Drone  
  107  10:27  Zerg Flyer Weapons Level 1  
  106  10:30  Mutalisk  
  100  10:40  Mutalisk x2  
  104  10:46  Mutalisk  
  104  10:48  Zergling x14  
  105  10:57  Mutalisk x2  
  105  11:02  Queen  
  98  11:05  Mutalisk  
  93  11:14  Mutalisk  
  93  11:17  Mutalisk, Hatchery  
  96  11:23  Mutalisk  
  98  11:27  Zergling x16  
  97  11:49  Mutalisk x4  
  96  11:58  Mutalisk  
  91  12:03  Mutalisk  
  91  12:06  Zergling x2  
  91  12:07  Zergling x6  
  91  12:08  Zergling x4  
  96  12:12  Mutalisk  
Tags
 
Add a new tag
Caveats
  • Supply blocks, unpowered buildings, or Contaminate may cause inaccurate times.
  • Supply counts are checked every 10 seconds.